Map: Lightshade LE

Players

DisK

  • Race: Protoss Protoss

MaSa - Winner!

  • Race: Terran Terran

Event: DreamHack SC2 Masters 2021 Fall

VOD

Have the link to the VOD?

Description

Time

  • Played on: Aug. 12, 2021, 3:17 p.m.
  • Length: 13:40

All games in this series

Show
View Real Time Build Order
Export as new Build Order

DisK Protoss 

Build Orders: Oracle Opening, Phoenix Opening 

Get SALT Encoding   

  12  0:00  Probe  
  13  0:12  Probe  
  14  0:17  Pylon  
  14  0:24  Probe  
  15  0:36  Gateway  
  15  0:37  Probe (Chrono Boost)  
  16  0:46  Assimilator, Probe (Chrono Boost)  
  17  0:51  Probe (Chrono Boost)  
  18  1:03  Probe  
  19  1:15  Probe  
  20  1:23  Cybernetics Core  
  20  1:30  Zealot (Chrono Boost)  
  22  1:34  Probe  
  23  1:41  Pylon  
  23  1:47  Assimilator  
  23  1:51  Probe  
  23  2:00  Adept  
  25  2:01  Pylon  
  25  2:04  Probe  
  26  2:16  Probe  
  26  2:21  Stargate  
  27  2:29  Nexus  
  27  2:37  Probe  
  28  2:40  Warp Gate  
  28  2:41  Adept  
  30  2:49  Probe  
  31  3:01  Probe (Chrono Boost)  
  31  3:05  Oracle  
  35  3:08  Shield Battery  
  35  3:11  Probe (Chrono Boost)  
  36  3:17  Probe  
  37  3:27  Shield Battery  
  37  3:29  Probe  
  39  3:42  Phoenix, Probe (Chrono Boost)  
  39  3:46  Probe (Chrono Boost)  
  42  3:51  Probe (Chrono Boost)  
  42  3:55  Probe (Chrono Boost)  
  44  3:56  Gateway, Probe (Chrono Boost)  
  45  4:08  Probe (Chrono Boost)  
  47  4:11  Pylon, Probe (Chrono Boost)  
  47  4:12  Phoenix  
  47  4:15  Probe (Chrono Boost)  
  50  4:18  Probe (Chrono Boost)  
  50  4:23  Probe  
  46  4:34  Stalker  
  48  4:50  Probe (Chrono Boost)  
  48  4:51  Phoenix  
  51  4:59  Nexus  
  52  5:00  Sentry, Probe (Chrono Boost)  
  52  5:03  Probe (Chrono Boost)  
  52  5:04  Pylon  
  56  5:07  Probe (Chrono Boost)  
  56  5:13  Twilight Council  
  56  5:17  Probe  
  57  5:21  Probe  
  57  5:25  Forge  
  58  5:29  Assimilator, Probe  
  58  5:34  Sentry  
  58  5:35  Gateway, Sentry  
  63  5:38  Charge (Chrono Boost)  
  63  5:41  Phoenix  
  63  5:42  Probe x2  
  64  5:54  Probe  
  64  5:55  Probe  
  66  6:00  Gateway  
  66  6:03  Gateway  
  66  6:06  Gateway, Probe  
  66  6:10  Probe  
  68  6:12  Shield Battery  
  68  6:14  Protoss Ground Armor Level 1 (Chrono Boost)  
  68  6:16  Probe  
  69  6:19  Probe  
  69  6:22  Probe  
  71  6:26  Zealot  
  71  6:28  Zealot, Probe  
  71  6:31  Probe  
  77  6:33  Pylon  
  77  6:34  Probe  
  77  6:38  Pylon  
  78  6:42  Robotics Facility  
  78  6:46  Zealot x2  
  82  6:48  Probe x2  
  82  6:50  Probe  
  85  6:54  Pylon  
  85  6:57  Zealot x2  
  89  7:01  Zealot  
  89  7:03  Zealot  
  89  7:07  Shield Battery  
  93  7:14  Zealot x2  
  97  7:18  Pylon, Zealot x2  
  97  7:22  Zealot  
  103  7:26  Zealot  
  91  7:46  Zealot  
  91  7:49  Zealot x3  
  91  7:50  Zealot x2, Probe x2  
  93  7:58  Probe  
  85  8:11  Probe x3  
  85  8:12  Observer (Chrono Boost)  
  75  8:18  Zealot x3  
  75  8:19  Zealot x3  
  85  8:20  Assimilator  
  85  8:21  Assimilator, Templar Archives  
  85  8:24  Probe x3  
  88  8:30  Protoss Ground Weapons Level 1  
  86  8:36  Probe (Chrono Boost)  
  86  8:39  Probe x2 (Chrono Boost)  
  75  8:43  Immortal  
  75  8:45  Nexus  
  75  8:47  Probe (Chrono Boost)  
  82  8:48  Probe x2 (Chrono Boost)  
  82  8:52  Probe (Chrono Boost)  
  82  8:53  Probe x2 (Chrono Boost)  
  85  8:58  Stalker  
  85  8:59  Stalker  
  89  9:09  Stalker x2  
  91  9:10  Probe  
  91  9:16  Probe x2  
  89  9:26  Zealot x4  
  88  9:32  Probe x2  
  88  9:37  Photon Cannon  
  84  9:39  Zealot  
  84  9:40  Zealot  
  78  9:54  Observer (Chrono Boost)  
  78  9:55  High Templar x2  
  78  9:57  Zealot x2  
  78  9:58  Probe x4  
  83  10:04  Archon  
  83  10:06  Stalker x2  
  87  10:10  Gateway  
  87  10:13  Probe  
  84  10:17  Observer  
  84  10:18  Stalker x2  
  87  10:31  Probe x2  
  87  10:39  Zealot x3  
  87  10:40  Zealot  
  88  10:42  Probe  
  88  10:44  Probe x3  
  88  10:47  Assimilator  
  87  10:53  Zealot x2  
  91  11:02  High Templar x2, Zealot x2  
  99  11:07  Pylon, Archon, Probe  
  99  11:08  Probe x2  
  103  11:14  Blink (Chrono Boost)  
  100  11:21  Zealot x3  
  100  11:22  Warp Prism  
  93  11:32  Psionic Storm  
  93  11:37  Zealot x4  
  99  11:42  Probe x3  
  102  11:49  Zealot x2  
  102  11:50  Sentry  
  98  12:03  Zealot x4  
  98  12:05  Observer  
  92  12:18  Zealot x3  
  92  12:19  Immortal (Chrono Boost)  
  92  12:20  Probe  
  94  12:40  Zealot x4  
  98  12:50  Assimilator  
  98  12:53  Immortal (Chrono Boost)  
  99  12:59  Pylon  
  99  13:04  Pylon  
  98  13:07  Pylon  
  98  13:10  Zealot x4  
  88  13:28  Zealot x3  
  77  13:34  Zealot  
Show
View Real Time Build Order
Export as new Build Order

MaSa Terran - Winner!

Build Orders:  

Get SALT Encoding   

  12  0:00  SCV  
  13  0:12  SCV  
  14  0:17  Supply Depot  
  14  0:24  SCV  
  15  0:38  SCV  
  15  0:39  Barracks  
  16  0:44  Refinery  
  16  0:50  SCV  
  17  0:59  Engineering Bay  
  17  1:04  SCV  
  18  1:16  SCV  
  19  1:27  Marine  
  19  1:28  Orbital Command  
  19  1:32  Supply Depot  
  20  1:44  Marine  
  21  1:54  SCV, Factory  
  22  2:03  Barracks Reactor  
  22  2:06  SCV  
  23  2:18  SCV  
  24  2:25  Command Center  
  24  2:28  Bunker  
  24  2:30  SCV  
  25  2:37  Refinery  
  25  2:44  SCV  
  26  2:46  Hellion  
  26  2:47  Hellion  
  30  2:58  SCV, Starport  
  31  3:03  Barracks Tech Lab  
  31  3:19  Supply Depot  
  31  3:36  Marine, SCV, Medivac  
  31  3:37  Hellion x2  
  39  3:45  Orbital Command  
  39  3:48  SCV  
  39  3:54  Supply Depot  
  40  4:00  SCV  
  41  4:08  Marine x2  
  46  4:11  Siege Tank  
  46  4:12  SCV  
  46  4:13  SCV  
  48  4:22  Barracks  
  48  4:24  SCV  
  48  4:25  SCV  
  50  4:32  Marine x2  
  50  4:36  SCV  
  50  4:37  SCV  
  52  4:44  Cyclone  
  53  4:48  SCV  
  53  4:49  SCV  
  53  4:50  Marine x2  
  51  4:56  Command Center  
  51  5:00  Barracks  
  51  5:01  SCV, Engineering Bay  
  51  5:03  SCV  
  53  5:07  Marine  
  53  5:08  Marine  
  53  5:09  Barracks Tech Lab  
  53  5:13  SCV, Starport Reactor  
  56  5:18  SCV  
  57  5:25  Marine, SCV  
  57  5:28  Refinery, Terran Infantry Weapons Level 1  
  59  5:30  Barracks, Factory Reactor, Missile Turret  
  59  5:32  Marine  
  59  5:33  Marine  
  59  5:35  Stimpack  
  61  5:38  Supply Depot  
  61  5:42  SCV  
  62  5:43  Supply Depot  
  62  5:53  Refinery  
  62  6:00  Marine x2, SCV x2, Marauder, Supply Depot  
  62  6:02  Supply Depot  
  68  6:07  Widow Mine x2  
  68  6:11  Orbital Command  
  72  6:12  SCV x2  
  72  6:14  Medivac  
  72  6:17  Medivac  
  78  6:21  Marine x2  
  78  6:24  SCV  
  81  6:26  Barracks  
  81  6:28  Barracks  
  81  6:32  Marauder  
  82  6:34  Marauder  
  82  6:36  SCV  
  82  6:39  Supply Depot  
  87  6:40  SCV  
  87  6:41  Combat Shield  
  87  6:43  Orbital Command, Widow Mine x2  
  87  6:46  Medivac  
  92  6:51  SCV  
  92  6:52  SCV  
  92  6:53  Marauder  
  96  6:59  Armory  
  96  7:03  Marine x2, SCV  
  96  7:04  SCV  
  100  7:08  SCV  
  100  7:10  Engineering Bay  
  100  7:12  Marauder  
  100  7:14  Marine  
  100  7:15  SCV  
  107  7:16  SCV, Widow Mine, Barracks Tech Lab  
  107  7:17  Barracks Reactor  
  107  7:21  SCV  
  109  7:23  Marine  
  109  7:27  SCV  
  109  7:28  SCV  
  109  7:29  Widow Mine  
  114  7:32  Marauder  
  114  7:33  SCV  
  114  7:37  Medivac x2  
  114  7:43  SCV, Widow Mine  
  112  7:46  Supply Depot  
  112  7:49  SCV  
  112  7:51  Widow Mine  
  107  7:54  Marine x3, Marauder  
  107  7:56  SCV  
  110  8:04  Widow Mine  
  106  8:05  Terran Infantry Weapons Level 2  
  106  8:06  Terran Infantry Armor Level 1  
  106  8:07  Marine x2, SCV, Medivac  
  106  8:08  Marauder  
  106  8:11  SCV  
  110  8:12  Concussive Shells  
  110  8:13  Widow Mine  
  110  8:15  SCV  
  110  8:19  SCV  
  112  8:23  SCV  
  112  8:25  Widow Mine  
  113  8:27  SCV  
  113  8:29  Refinery x2  
  113  8:31  SCV  
  113  8:33  Marine x3  
  113  8:34  Marauder  
  118  8:35  SCV, Widow Mine  
  118  8:39  SCV  
  118  8:41  Medivac  
  118  8:43  SCV  
  118  8:44  Medivac  
  118  8:48  SCV  
  122  8:50  Supply Depot  
  122  8:53  Widow Mine  
  124  8:56  SCV  
  124  8:59  Ghost Academy  
  125  9:11  Liberator  
  125  9:12  SCV, Widow Mine, Marauder  
  125  9:15  Supply Depot  
  125  9:16  Supply Depot  
  133  9:24  Marauder  
  133  9:25  SCV x2  
  133  9:29  SCV  
  133  9:30  Marauder  
  133  9:32  Marine x2  
  133  9:34  Marauder  
  133  9:37  SCV x2  
  135  9:38  Widow Mine  
  135  9:39  Widow Mine  
  135  9:41  SCV  
  140  9:45  Marauder  
  140  9:46  Command Center  
  140  9:49  SCV x2  
  130  9:53  SCV  
  130  9:58  Liberator  
  134  10:00  Liberator  
  134  10:01  Marine x3, SCV x2, Marauder  
  134  10:05  SCV  
  143  10:14  SCV  
  140  10:18  SCV x2, Terran Infantry Armor Level 2  
  140  10:23  Marine x3  
  140  10:24  Marine, Marauder x2  
  140  10:26  SCV  
  149  10:30  SCV  
  149  10:35  SCV  
  148  10:39  SCV, Marauder  
  149  10:43  Marine  
  149  10:44  Supply Depot  
  149  10:45  Supply Depot x2  
  149  10:46  Widow Mine  
  149  10:47  Widow Mine  
  149  10:50  SCV  
  149  10:53  Medivac x2  
  148  11:06  Enhanced Shockwaves  
  148  11:07  Widow Mine  
  150  11:12  Marine x3  
  150  11:13  Marauder  
  150  11:17  SCV  
  153  11:28  SCV x2  
  153  11:32  Marine x3, Marauder x2  
  158  11:33  Widow Mine x2  
  158  11:34  SCV  
  158  11:36  Medivac x2  
  162  11:40  SCV  
  162  11:41  Planetary Fortress  
  162  11:46  Command Center  
  165  11:54  Widow Mine  
  159  12:03  Marine  
  159  12:04  Marine x2, Marauder x2  
  159  12:06  Medivac x2  
  159  12:07  SCV x2  
  170  12:09  Barracks  
  170  12:10  Barracks  
  170  12:12  SCV  
  162  12:18  Widow Mine x2  
  162  12:19  SCV  
  164  12:23  Marine  
  164  12:24  Marine, Marauder  
  164  12:28  Marine x2, Marauder x2  
  174  12:35  Medivac  
  174  12:36  Medivac  
  174  12:39  Widow Mine x2  
  174  12:41  Marine  
  177  12:47  Refinery, Command Center  
  177  12:49  Marine, Marauder  
  182  12:58  Marine  
  182  12:59  Marine, Marauder  
  182  13:01  Widow Mine x2  
  182  13:02  Marine  
  182  13:05  Medivac, Ghost  
  192  13:06  Medivac, Barracks Tech Lab  
  192  13:07  Barracks Tech Lab  
  192  13:10  Ghost  
  197  13:16  Marine x2  

Tags
 
Add a new tag
Caveats
  • Supply blocks, unpowered buildings, or Contaminate may cause inaccurate times.
  • Supply counts are checked every 10 seconds.